 Dungeon Crawl Stone Soup version 0.26-a0-651-gb41185065b (webtiles) character file.

Game seed: 13510023377189038580

191 Irenicus the Geomancer (level 5, -6/42 HPs)
             Began as a Deep Dwarf Earth Elementalist on Oct 6, 2020.
             Mangled by a gnoll
             ... wielding a +0 whip
              (7 damage)
             ... on level 2 of the Dungeon.
             The game lasted 00:05:12 (805 turns).

Irenicus the Geomancer (DDEE)                        Turns: 805, Time: 00:05:12

Health: -6/42      AC:  5    Str: 12    XL:     5   Next: 42%
Magic:  3/8        EV: 11    Int: 16    God:
Gold:   15         SH:  0    Dex: 13    Spells: 2/8 levels left

rFire    . . .     SeeInvis .   a - +0 club
rCold    . . .     Faith    .   (no shield)
rNeg     . . .     Spirit   .   e - +0 ring mail
rPois    .         Reflect  .   (no helmet)
rElec    .         Harm     .   (no cloak)
rCorr    .         Rampage  .   (no gloves)
MR       .....                  (no boots)
Stlth    +.........             (no amulet)
HPRegen  0.00/turn              (no ring)
MPRegen  0.11/turn              (no ring)

@: non-regenerating
A: damage resistance, heal wounds, sense surroundings 1, no regeneration
a: Heal Wounds


You were on level 2 of the Dungeon.
You visited 1 branch of the dungeon, and saw 2 of its levels.

You collected 15 gold pieces.

Inventory:

Hand Weapons
 a - a +0 club (weapon)
   (You took it off a goblin on level 1 of the Dungeon)
Armour
 e - a +0 ring mail (worn)
   (You found it on level 1 of the Dungeon)
Scrolls
 d - a scroll of identify {unknown}
 f - 2 scrolls of fear {unknown}
 g - a scroll of amnesia {unknown}
 h - a scroll of remove curse {unknown}
 i - a scroll of magic mapping {unknown}
 j - a scroll of blinking {unknown}


   Skills:
 - Level 2.1 Dodging
 - Level 2.4 Stealth
 - Level 2.0 Spellcasting
 - Level 0.8 Transmutations
 + Level 8.1 Earth Magic


You had 2 spell levels left.
You knew the following spells:

 Your Spells              Type           Power        Failure   Level
a - Sandblast             Erth           ####..       1%          1
w - Passwall              Tmut/Erth      ###.....     12%         2
x - Stone Arrow           Conj/Erth      ##....       26%         3

Your spell library contained the following spells:

 Spells                   Type           Power        Failure   Level
 Lee's Rapid Deconstruct  Erth           ####......   43%         5
 Petrify                  Tmut/Erth      ###.....     58%         4


Dungeon Overview and Level Annotations

Branches:
Dungeon (2/15)

Altars:


Innate Abilities, Weirdness & Mutations

You are resistant to damage.
You can heal yourself by infusing magical energy.
You passively map a small area around you.
You do not regenerate.


Message History

You don't know that spell.
Unknown command.
Casting: Sandblast (safe; 1% risk of failure)
Confirm with . or Enter, or press ? or * to list all spells.
The spell is quite dangerous to cast (26% risk of failure)!
Continue anyway?
Okay, then.
Casting: Stone Arrow (quite dangerous; 26% risk of failure)
Confirm with . or Enter, or press ? or * to list all spells.
The spell is quite dangerous to cast (26% risk of failure)!
Continue anyway?
Aiming: Stone Arrow (quite dangerous; 26% risk of failure)
Press: ? - help, Shift-Dir - straight line, f/p - leopard gecko
Aim: a leopard gecko You miscast Stone Arrow.
You are very lightly contaminated with residual magic.
Nothing appears to happen.
The leopard gecko bites you.
You take 2 damage, and have 23/42 hp.
You now have 2/8 mp.
Casting: Stone Arrow (quite dangerous; 26% risk of failure)
Confirm with . or Enter, or press ? or * to list all spells.
You don't know that spell.
You hit the leopard gecko.
The leopard gecko is almost dead.
The leopard gecko barely misses you. The leopard gecko misses you.
You barely miss the leopard gecko.
The leopard gecko is almost dead.
The leopard gecko bites you but does no damage.
You barely miss the leopard gecko.
The leopard gecko is almost dead.
The leopard gecko barely misses you. The leopard gecko closely misses you.
You hit the leopard gecko.
You kill the leopard gecko!
You see here a leopard gecko corpse.
Your magical contamination has completely faded away. 2 jackals come into view.
A leopard gecko, a jackal and 2 gnolls come into view.
The gnoll shouts!
The jackal barks!
The leopard gecko hisses angrily.
You hear a shout!
A gnoll comes into view. It is wielding a +0 spear.
The gnoll shouts!
You hear a shout!
The jackal barks!
A gnoll comes into view. It is wielding a +0 whip.
The leopard gecko misses you. The jackal barely misses you.
The leopard gecko closely misses you.
The gnoll hits you with a cursed -2 spear.
The gnoll hits you with a +0 club.
The leopard gecko completely misses you.
You take 3 damage, and have 20/42 hp.
You hit the gnoll.
The gnoll is moderately wounded.
The gnoll hits you with a cursed -2 spear.
The jackal bites you but does no damage.
The gnoll closely misses you. The gnoll hits you with a +0 club!
* * * LOW HITPOINT WARNING * * *
The leopard gecko misses you. The gnoll barely misses you.
The jackal closely misses you.
The gnoll hits you with a cursed -2 spear.
* * * LOW HITPOINT WARNING * * *
The gnoll hits you but does no damage.
You take 14 damage, and have 6/42 hp.
MASSIVE DAMAGE!!
The gnoll hits you with a +0 whip. The gnoll hits you but does no damage.
The gnoll closely misses you. The gnoll hits you but does no damage.
The gnoll hits you with a +0 whip.
The gnoll hits you from afar with a cursed -2 spear!
* * * LOW HITPOINT WARNING * * *
The gnoll misses you.
You take 5 damage, and have 1/42 hp.
The jackal bites you. The gnoll closely misses you.
The jackal bites you but does no damage.
The jackal misses you.
MP restored: 8
Casting: Stone Arrow (quite dangerous; 26% risk of failure)
Confirm with . or Enter, or press ? or * to list all spells.
The spell is quite dangerous to cast (26% risk of failure)!
Continue anyway?
Okay, then.
There are monsters nearby!
Unknown command.
Casting: Stone Arrow (quite dangerous; 26% risk of failure)
Confirm with . or Enter, or press ? or * to list all spells.
The spell is quite dangerous to cast (26% risk of failure)!
Continue anyway?
Aiming: Stone Arrow (quite dangerous; 26% risk of failure)
Press: ? - help, Shift-Dir - straight line, f - jackal
Aim: a jackal You miscast Stone Arrow.
You are very lightly contaminated with residual magic.
Nothing appears to happen.
The jackal bites you but does no damage. x2
You now have 5/8 mp.
Casting: Stone Arrow (quite dangerous; 26% risk of failure)
Confirm with . or Enter, or press ? or * to list all spells.
The spell is quite dangerous to cast (26% risk of failure)!
Continue anyway?
Aiming: Stone Arrow (quite dangerous; 26% risk of failure)
Press: ? - help, Shift-Dir - straight line, f/p - jackal
Aim: a jackal The stone arrow hits the jackal!
You kill the jackal!
You now have 2/8 mp.
You see here a scroll labeled LOIHEO XIFEET.
Your magical contamination has completely faded away.
You aren't carrying any potions.
You fail to use your ability.
The gnoll hits you but does no damage.
You fail to use your ability.
The gnoll hits you with a +0 whip!
You die...

#.##g# *
#.##.#
#.##h####
#.##..lg#
** *
#.#####.#
8 , #.###
#h# ,
#...# #g#
###.# #g#
8 * #.#
#@# * *
#.# #.#
### ###*
#.# #.#
#.# #.#
#.# #.#
####.###.#
#.# #.#
#....w...#
#.# #.# *
#.##.###w#
#.# #.. ,,
#.# #.##
#.# ### *
*#.# #...
#.#
##.###...


You could see 3 gnolls, a leopard gecko and a jackal.

Vanquished Creatures
  Sigmund (D:2)
  An adder (D:2)
  A dart slug (D:2)
  A leopard gecko (D:2)
  A giant cockroach (D:1)
  A hobgoblin (D:1)
  3 jackals
  4 bats
  2 frilled lizards (D:1)
  2 goblins (D:1)
  4 kobolds
  2 rats
23 creatures vanquished.

Notes
Turn   | Place    | Note
-------+----------+-------------------------------------------
     0 | D:1      | Irenicus the Deep Dwarf Earth Elementalist began the quest
                  | for the Orb.
     0 | D:1      | Reached XP level 1. HP: 15/15 MP: 3/3
    95 | D:1      | Reached skill level 2 in Spellcasting
   347 | D:1      | Reached XP level 2. HP: 17/22 MP: 0/5
   641 | D:2      | Reached skill level 5 in Earth Magic
   663 | D:2      | Learned a level 2 spell: Passwall
   666 | D:2      | Noticed Sigmund
   668 | D:2      | Reached XP level 3. HP: 28/28 MP: 0/6
   675 | D:2      | Learned a level 3 spell: Stone Arrow
   684 | D:2      | HP: 7/28 [something (4)]
   698 | D:2      | HP: 5/28 [something/magic dart (4)]
   703 | D:2      | Killed Sigmund
   703 | D:2      | Reached skill level 8 in Earth Magic
   703 | D:2      | Reached XP level 4. HP: 21/36 MP: 0/7
   703 | D:2      | Reached XP level 5. HP: 25/42 MP: 0/8
   784 | D:2      | HP: 6/42 [gnoll/cursed -2 spear (5)]
   786 | D:2      | HP: 1/42 [gnoll/cursed -2 spear (5)]
   805 | D:2      | Mangled by a gnoll

Illustrated notes

Levels and vault maps discovered:
D:1:      dpeg_arrival_another_circle, layout_basic
D:2:      layout_loops_ring, minitemple, minmay_misc_feat_square, tgw_trog,
          uniq_sigmund

Skill      XL: |  1  2  3 |
---------------+----------+-----
Spellcasting   | 2 |  2.0
Earth Magic    | 5 8 |  8.1
Dodging        | |  2.1
Stealth        | |  2.4
Transmutations | |  0.8

Action                   |  1- 3 |  4- 6 || total
-------------------------+-------+-------++-------
Melee: Club              |    46 |     6 ||    52
 Cast: Sandblast         |    29 |     1 ||    30
       Stone Arrow       |       |     1 ||     1
 Abil: Heal Wounds       |     3 |       ||     3
  Use: Potion            |     1 |       ||     1
Armor: Ring mail         |    14 |     9 ||    23
Dodge: Dodged            |    29 |    17 ||    46

Table legend: (Time is in decaauts)
 A = Elapsed time spent in this place.
 B = Non-inter-level travel time spent in this place.
 C = Inter-level travel time spent in this place.
 D = Time resting spent in this place.
 E = Time spent auto-exploring this place.
 F = Levels seen in this place.
 G = Mean time per level.
                   A        B        C        D        E       F      G
               +--------+--------+--------+--------+--------+-----+--------+
         Total |    819 |    819 |      0 |      0 |      0 |   2 |  409.5 |
       Dungeon |    819 |    819 |      0 |      0 |      0 |   2 |  409.5 |
               +--------+--------+--------+--------+--------+-----+--------+

Top non-repeatable levels by time:
     D:1: 581 daAuts
     D:2: 237 daAuts

Table legend:
 A = Kills in this place as a percentage of kills in entire the game.
 B = Kills by you in this place as a percentage of kills by you in the entire game.
 C = Kills by friends in this place as a percentage of kills by friends in the entire game.
 D = Other kills in this place as a percentage of other kills in the entire game.
 E = Experience gained in this place as a percentage of experience gained in the entire game.
 F = Experience gained in this place divided by the number of levels of this place that you have seen.
                   A       B       C       D       E      F
               +-------+-------+-------+-------+-------+----------------------
         Total | 100.0 | 100.0 |   N/A |   N/A | 100.0 | 137.0
       Dungeon | 100.0 | 100.0 |   N/A |   N/A | 100.0 | 137.0
               +-------+-------+-------+-------+-------+----------------------
